 Dungeon Crawl Stone Soup version 0.18.1-48-g4cf74bf (webtiles) character file.

190 Joat the Stinger (level 5, -2/46 HPs)
             Began as a Naga Transmuter on Sept 2, 2016.
             Slain by a gnoll
             ... wielding a +0 spear
              (9 damage)
             ... on level 3 of the Dungeon.
             The game lasted 00:12:35 (2543 turns).

Joat the Stinger (Naga Transmuter)                  Turns: 2543, Time: 00:12:37

Health: -2/46      AC:  2    Str: 13    XL:     5   Next: 69%
Magic:  4/8        EV: 21    Int: 13    God:
Gold:   134        SH:  0    Dex: 17    Spells: 2 memorised, 4 levels left

rFire  . . .     SeeInvis +       - Unarmed
rCold  + . .     Gourm    .     (armour currently unavailable)
rNeg   . . .     Faith    .     (shield currently unavailable)
rPois  x         Spirit   .     (helmet currently unavailable)
rElec  .         Dismiss  .     (cloak currently unavailable)
rCorr  .         Reflect  .     (gloves currently unavailable)
SustAt .         Harm     .     (no barding)
MR     .....                    (no amulet)
Stlth  ++........               s - +1 ring of evasion
                                k - ring of protection from cold

@: spider-form, not resistant to hostile enchantments, unstealthy
A: see invisible, (deformed body), (poison resistance), (slowness 0), slow
metabolism 1, spit poison 2, AC +1
a: Spit Poison, End Transformation


You were on level 3 of the Dungeon.
You were not hungry.
You were a venomous arachnid creature.
You visited 1 branch of the dungeon, and saw 3 of its levels.

You collected 134 gold pieces.

Inventory:

Hand Weapons
 a - a +1 halberd of protection (melded)
 b - a +2 hunting sling of flaming
Missiles
 f - 24 arrows
 h - 139 stones (quivered)
Armour
 g - a +0 robe
 j - a cursed +0 robe (melded)
Jewellery
 k - a ring of protection from cold (left front leg)
 s - a +1 ring of evasion (right front leg)
Scrolls
 e - 2 scrolls of blinking {unknown}
 l - 2 scrolls of identify {unknown}
 o - 2 scrolls of teleportation {unknown}
 q - a scroll of remove curse {unknown}
Potions
 i - 2 potions of flight {unknown}
 m - 2 potions of heal wounds {unknown}
 n - a potion of curing {unknown}
Books
 c - a book of Changes

   Spells                             Type                      Level
   a - Beastly Appendage              Transmutation                1
   b - Sticks to Snakes               Transmutation                2
   c - Spider Form                    Transmutation/Poison         3
   d - Ice Form                       Ice/Transmutation            4
   e - Blade Hands                    Transmutation                5
Comestibles
 d - 2 bread rations
 p - a chunk of flesh
 r - a slice of pizza


   Skills:
 + Level 2.4 Fighting
 + Level 2.5 Dodging
 - Level 3.5 Unarmed Combat
 - Level 2.2 Spellcasting
 - Level 2.0 Transmutations
 + Level 4.2 Poison Magic


You had 4 spell levels left.
You knew the following spells:

 Your Spells              Type           Power        Failure   Level  Hunger
a - Beastly Appendage     Trmt           #.....       28%         1    ##.....
v - Spider Form           Trmt/Pois      #.........   41%         3    ####...


Dungeon Overview and Level Annotations

Branches:
Dungeon (3/15)

Altars:


Innate Abilities, Weirdness & Mutations

You cannot wear boots.
((Your serpentine skin is tough (AC +1).))
You have supernaturally acute eyesight.
((Armour fits poorly on your strangely shaped body.))
((Your system is resistant to poisons.))
((You cover ground very slowly.))
You have a slow metabolism.
You can spit poison.


Message History

The hound bites you.
* * * LOW HITPOINT WARNING * * *
You completely miss the hound.
The hound is severely wounded.
The hound misses you. The hound completely misses you.
You bite the hound!
You kill the hound!
The gnoll completely misses you.
Your transformation has ended.
Your +1 halberd of protection unmelds from your body.
Your cursed +0 robe unmelds from your body.
You feel protected! The gnoll closely misses you.
You see here a hound corpse.
Casting: Spider Form
Confirm with . or Enter, or press ? or * to list all spells.
You turn into a venomous arachnid creature.
Your +1 halberd of protection melds into your body.
Your cursed +0 robe melds into your body.
You feel less protected. The gnoll hits you with a spear!
You die...

.# #.# #.# #.#
.#######.###### #.###.#
..............# ##.##..#
##
.#######.####.###...#..#
..# .# #.#
#.........P#...# .# #.#
#####......'...# .# #.#
##.##.P#+#+# ##
#.#########.##..#
#........sg.##..#
################


You could see a gnoll.

Vanquished Creatures
  2 orc wizards (D:3)
  2 hounds (D:3)
  A gnoll (D:1)
  2 adders (D:2)
  A worm (D:3)
  2 giant geckos (D:2)
  3 orcs (D:3)
  A giant cockroach (D:1)
  4 goblins (D:1)
  3 hobgoblins
  2 jackals (D:3)
  A quokka (D:2)
  6 bats
  4 giant newts
  7 kobolds
  7 rats
48 creatures vanquished.

Notes
Turn   | Place    | Note
--------------------------------------------------------------
     0 | D:1      | Joat the Naga Transmuter began the quest for the Orb.
     0 | D:1      | Reached XP level 1. HP: 18/18 MP: 3/3
   285 | D:1      | Reached XP level 2. HP: 25/25 MP: 5/5
   826 | D:1      | Reached XP level 3. HP: 31/31 MP: 6/6
   831 | D:1      | Learned a level 3 spell: Spider Form
   950 | D:1      | Reached skill level 1 in Poison Magic
  1792 | D:2      | Reached skill level 2 in Poison Magic
  1950 | D:2      | Reached skill level 3 in Poison Magic
  1950 | D:2      | Reached XP level 4. HP: 34/38 MP: 7/7
  2320 | D:3      | Reached XP level 5. HP: 26/45 MP: 8/8
  2525 | D:3      | Reached skill level 4 in Poison Magic
  2543 | D:3      | Slain by a gnoll

Skill      XL: |  1  2  3  4  5 |
---------------+----------------+-----
Poison Magic   | 3 4 |  4.2
Dodging        | 2 |  2.5
Fighting       | 2 |  2.4
Unarmed Combat | |  3.5
Spellcasting   | |  2.2
Transmutations | |  2.0

Action                   |  1- 3 |  4- 6 || total
-------------------------+-------+-------++-------
Melee: Unarmed           |    16 |    13 ||    29
       Halberd           |    53 |    15 ||    68
       Punch             |     1 |       ||     1
 Fire: Hunting sling     |    18 |    14 ||    32
 Cast: Spider Form       |       |     2 ||     2
 Abil: Spit Poison       |    18 |       ||    18
 Stab: Sleeping          |     2 |       ||     2
  Eat: Chunk             |     3 |     2 ||     5
Armor: Robe              |    38 |     9 ||    47
       Skin              |       |     1 ||     1
Dodge: Dodged            |    56 |    36 ||    92
